 Dungeon Crawl Stone Soup version 0.29-a0-323-g050149af67 (webtiles) character file.

Game seed: 1713454455951934624

184947 hemabe71 the Covert (level 18, 0/144 HPs)
             Began as a Human Artificer on Apr 10, 2022.
             Was a High Priest of Trog.
             Succumbed to a redback's poison
             ... on level 3 of the Spider Nest.
             The game lasted 01:46:48 (50955 turns).

hemabe71 the Covert (Human Artificer)              Turns: 50955, Time: 01:46:49

Health: 0/144      AC: 15    Str: 20    XL:     18   Next: 66%
Magic:  18/18      EV: 16    Int: 21    God:    Trog [*****.]
Gold:   2934       SH:  6    Dex: 11    Spells: 17/17 levels left

rFire   + + .      SeeInvis +   N - +11 flail of the Shrinking Stork {vamp, rF++ rN++ Int+2 Stlth-}
rCold   + + +      Faith    .   M - +3 buckler
rNeg    + + +      Spirit   .   T - +3 chain mail of the Garden {rPois rN+ Regen+ Int+4}
rPois   +          Reflect  .   u - +0 helmet of the Cockatrice {Str+2}
rElec   .          Harm     .   D - +1 cloak {Will+}
rCorr   .          Rampage  .   y - +2 pair of gloves {hurl}
Will    +++..                   A - +2 pair of boots {Fly}
Stlth   ++........              K - amulet of regeneration {+regen, !d}
HPRegen 1.94/turn               b - ring "Moumie" {+Blink rC+ Will+}
MPRegen 0.16/turn               R - ring of Hicenali {rC+ EV+4 Str-4 SInv}

@: lethally poisoned (0 -> -6), corroded, on berserk cooldown, flying, slowed,
very slow
A: see invisible, clever 1, clumsy 1, cold resistance 1, strong 1
}: 1/15 runes: decaying
a: Renounce Religion, Evoke Blink, Berserk, Trog's Hand, Brothers in Arms


You were on level 3 of the Spider Nest.
You worshipped Trog.
Trog was extremely pleased with you.
You visited 6 branches of the dungeon, and saw 31 of its levels.
You also visited: Sewer, Gauntlet, Ice Cave and Volcano.

You collected 4625 gold pieces.
You spent 1691 gold pieces at shops.

Inventory:

Hand Weapons
 p - a +6 great mace of draining
   (You took it off Rupert on level 3 of the Lair of Beasts)
 N - the +11 flail of the Shrinking Stork (weapon) {vamp, rF++ rN++ Int+2 Stlth-}
   (You bought it in a shop on level 10 of the Dungeon)

   It occasionally heals its wielder for a portion of the damage dealt when it
   wounds a living foe.
   Int:       It affects your intelligence (+2).
   rF:        It greatly protects you from fire.
   rN:        It greatly protects you from negative energy.
   Stlth:     It makes you less stealthy.
Missiles
 d - 15 javelins
 f - 57 poisoned darts (quivered)
 O - a curare-tipped dart
Armour
 a - a +2 cloak of cold resistance
   (You found it in an ice cave)
 u - the +0 helmet of the Cockatrice (worn) {Str+2}
   (You found it in a sewer)

   Str:       It affects your strength (+2).
 v - the +8 scale mail of the Hidden Leylines {rElec}
   (You found it on level 4 of the Lair of Beasts)

   rElec:     It insulates you from electricity.
 y - a +2 pair of gloves of hurling (worn)
   (You found it in a Gauntlet)
 A - a +2 pair of boots of flying (worn)
   (You found it on level 6 of the Lair of Beasts)
 D - a +1 cloak of willpower (worn)
   (You took it off Nikola on level 2 of the Spider Nest)
 I - the +2 pair of boots "Goexuxt" {rElec rC- Int+3 Dex+5}
   (You acquired it on level 4 of the Dungeon)

   Int:       It affects your intelligence (+3).
   Dex:       It affects your dexterity (+5).
   rC:        It makes you vulnerable to cold.
   rElec:     It insulates you from electricity.
 M - a +3 buckler (worn)
   (You took it off a gnoll sergeant on level 6 of the Dungeon)
 T - the +3 chain mail of the Garden (worn) {rPois rN+ Regen+ Int+4}
   (You found it on level 5 of the Lair of Beasts)

   Int:       It affects your intelligence (+4).
   rPois:     It protects you from poison.
   rN:        It protects you from negative energy.
   Regen:     It increases your rate of health regeneration.
Jewellery
 b - the ring "Moumie" (left hand) {+Blink rC+ Will+}
   (You found it in a Gauntlet)

   [ring of protection from cold]

   rC:        It protects you from cold.
   +Blink:    It lets you blink.
   Will:      It increases your willpower.
 k - a +4 ring of evasion
   (You found it on level 1 of the Dungeon)
 m - a +4 ring of slaying
   (You found it on level 1 of the Dungeon)
 t - an amulet of reflection
   (You took it off a hobgoblin on level 2 of the Dungeon)
 x - a ring of flight {+Fly, !d}
   (You found it on level 9 of the Dungeon)
 J - a ring of ice {rC+, rF-}
   (You took it off Fannar on level 12 of the Dungeon)
 K - an amulet of regeneration (around neck) {+regen, !d}
   (You found it on level 6 of the Lair of Beasts)
 R - the ring of Hicenali (right hand) {rC+ EV+4 Str-4 SInv}
   (You took it off a gnoll on level 9 of the Dungeon)

   [ring of evasion]

   EV:        It affects your evasion (+4).
   Str:       It affects your strength (-4).
   rC:        It protects you from cold.
   SInv:      It lets you see invisible.
 U - a ring of positive energy {rN+}
   (You found it on level 1 of the Swamp)
Wands
 c - a wand of mindburst (18)
   (You took it off Lodul on level 13 of the Dungeon)
 e - a wand of acid (9)
   (You found it on level 10 of the Dungeon)
 h - a wand of digging (17)
   (You found it on level 12 of the Dungeon)
 G - a wand of charming (2)
   (You found it on level 4 of the Lair of Beasts)
 V - a wand of paralysis (6)
   (You found it on level 4 of the Lair of Beasts)
 Z - a wand of iceblast (21)
   (You found it on level 2 of the Swamp)
Scrolls
 g - 10 scrolls of teleportation
 i - 4 scrolls of fear
 l - 9 scrolls of vulnerability {!r!r}
 n - a scroll of summoning
 o - 5 scrolls of fog
 E - 2 scrolls of silence
 H - 6 scrolls of immolation {!r}
 L - a scroll of holy word {!r}
 P - 2 scrolls of magic mapping {!r}
 S - a scroll of blinking {!r}
Potions
 j - 14 potions of curing
 r - 2 potions of heal wounds
 s - 4 potions of mutation {!q}
 w - 3 potions of invisibility
 B - 5 potions of might
 C - a potion of ambrosia
 F - 7 potions of haste
 Q - a potion of resistance
 Y - 4 potions of cancellation
Miscellaneous
 q - a piece from Xom's chessboard (15/15)
   (You found it in a Gauntlet)
 z - a condenser vane (inert)
   (You found it on level 10 of the Dungeon)
 W - a box of beasts (inert)
   (You found it in a Gauntlet)
 X - a phantom mirror
   (You found it in a Gauntlet)


   Skills:
 + Level 13.6 Fighting
 + Level 12.3 Maces & Flails
 - Level 4.8 Polearms
 + Level 13.5 Armour
 + Level 13.5 Dodging
 + Level 14.7 Stealth
 + Level 13.7 Evocations


You had 17 spell levels left.
You didn't know any spells.
Your spell library contained the following spells:

 Spells                   Type           Power      Damage    Failure   Level
 Alistair's Intoxication  Tmut/Pois      0%         N/A       100%        5
 Borgnjor's Vile Clutch   Necr/Erth      0%         N/A       100%        5
 Eringya's Noxious Bog    Tmut/Pois      0%         N/A       100%        6


Dungeon Overview and Level Annotations

Branches:
Dungeon (15/15)            Temple (1/1) D:4            Lair (6/6) D:9
  Swamp (4/4) Lair:4       Spider (3/4) Lair:3        Slime (0/5) Lair:5
    Orc (2/2) D:11            Elf (0/3) Orc:2        Vaults (0/5) D:14
 Depths (0/4) D:15          Sewer (visited)           IceCv (visited)
Volcano (visited)         Gauntlet (visited)

Altars:
Ashenzari
Cheibriados
Dithmenos
Elyvilon
Fedhas
Gozag
Hepliaklqana
Kikubaaqudgha
Makhleb
Nemelex Xobeh
Okawaru
Qazlal
Ru
Sif Muna
Trog
Uskayaw
Vehumet
Wu Jian
Xom
Yredelemnul
Zin
The Shining One
Ignis
Jiyva
Lugonu

Shops:
D:10 :(   D:11 (   Orc:2 *:[(

Portals:
Abyss: Lair:6


Innate Abilities, Weirdness & Mutations

You have supernaturally acute eyesight. (SInv)
Your mind is acute. (Int +2)
You are clumsy. (Dex -2)
Your flesh is cold resistant. (rC+)
Your muscles are strong. (Str +2)


Message History

The jumping spider leaps!
The culicivora bites you but does no damage.
The entropy weaver hits you. The entropy weaver hits you!
The entropy weaver misses you. You block the entropy weaver's attack.
You take 4 damage, and have 114/144 hp.
You hit the entropy weaver but do no damage.
The redback bites you but does no damage.
The culicivora bites you.
The entropy weaver points at you and mumbles some strange words.
The entropic weave corrodes you!
You take 2 damage, and have 112/144 hp.
A red film seems to cover your vision as you go berserk!
You feel yourself moving faster!
You feel mighty! The redback bites you. The culicivora misses you.
You block the entropy weaver's attack.
The entropy weaver hits you but does no damage.
The entropy weaver hits you. x2; The redback misses you.
You now have 159/216 hp.
You miss the entropy weaver. You block the culicivora's attack.
The redback completely misses you.
You sock the entropy weaver!
You feel better.
The entropy weaver hits you but does no damage.
The entropy weaver completely misses you.
The entropy weaver hits you. The entropy weaver closely misses you.
The culicivora bites you!
You take 13 damage, and have 147/216 hp.
You bludgeon the entropy weaver!! The redback bites you.
The culicivora completely misses you.
The entropy weaver casts a spell at you.
The entropic weave corrodes you!
You completely miss the entropy weaver. The redback closely misses you.
The culicivora completely misses you. The entropy weaver hits you.
The entropy weaver hits you but does no damage.
The entropy weaver hits you. x2
You take 8 damage, and have 140/216 hp.
You hit the entropy weaver.
You feel better. The redback bites you. The jumping spider barely misses you.
The jumping spider closely misses you. The culicivora bites you.
You take 6 damage, and have 134/216 hp.
You thump the entropy weaver!
You feel better.
The entropy weaver hits you but does no damage.
The entropy weaver hits you. x2; The entropy weaver hits you!
The jumping spider leaps!
You block the redback's attack. The culicivora bites you!
You take 30 damage, and have 104/216 hp.
You sock the entropy weaver!
You feel better. The entropy weaver hits you.
The entropy weaver hits you but does no damage.
You block the entropy weaver's attack. The entropy weaver barely misses you.
You regained 5 hp, and now have 109/216 hp.
You closely miss the entropy weaver. The redback bites you.
The culicivora bites you!
You take 16 damage, and have 93/216 hp.
You hit the entropy weaver. The redback bites you. The culicivora bites you!
The entropy weaver hits you but does no damage.
The entropy weaver barely misses you.
The entropy weaver hits you but does no damage.
You block the entropy weaver's attack.
You take 14 damage, and have 79/216 hp.
You sock the entropy weaver!
You feel better.
The jumping spider leaps!
The culicivora misses you. The redback bites you!
You are poisoned.
The redback poisons you! The entropy weaver hits you.
The entropy weaver hits you but does no damage.
You block the entropy weaver's attack. The entropy weaver hits you!
* * * LOW HITPOINT WARNING * * *
You take 16 damage, and have 63/216 hp.
You miss the entropy weaver.
You feel very sick. The culicivora bites you!
* * * LOW HITPOINT WARNING * * *
The redback bites you.
* * * LOW HITPOINT WARNING * * *
You take 16 damage, and have 47/216 hp.
You hit the entropy weaver.
You feel very sick.
The entropy weaver completely misses you.
The entropy weaver hits you!
* * * LOW HITPOINT WARNING * * *
The entropy weaver hits you but does no damage.
The entropy weaver hits you.
* * * LOW HITPOINT WARNING * * *
The culicivora barely misses you.
You take 17 damage, and have 30/216 hp.
You feel very sick.
You take 3 damage, and have 27/216 hp.
The redback attacks as you move away! The redback completely misses you.
You feel a strong urge to attack something.
You feel very sick.
You take 3 damage, and have 24/216 hp.
You are no longer berserk.
You are exhausted.
You feel yourself slow down.
You feel very sick. The jumping spider pounces on you!
* * * LOW HITPOINT WARNING * * *
The jumping spider bites you but does no damage.
You now have 4/144 hp.
Really read
S - 2 scrolls of blinking {!r}?
Blink to where?
As you read the scroll of blinking {!r}, it crumbles to dust.
You die...

#*,*#..†.#ss....#....#..........#
#......s.#§##....#####........)).
#.#^...###.^..#...^.....^...#...)
##.....,####..#........##^......#
,..#.#,,#....†#.^###.#^#..#^..#..
,...#*^,#....#...#...####........
,.#.****######....^###.^..#.#...#
,,#**,,,....^..............^.....
,,*,,,*>.^.....#@#.......#.##.#..
,,,,^,**....#..##...###....^####.
^,,*,^,,..#.#...#.#...#....## ##
,*****,,.,#,#...#<...###..^.##
**,,,,,,,,,,....##.#.^.#.#...#
*,,,,,*,*,,...#,,###.........#
**,^*,***,*,,,*^**#......#####
,,,,*** ***,***** ####......##
,,,,,,* *** ##......##


There were no monsters in sight!

Vanquished Creatures
  Nikola (Spider:2)
  Jorgrun (D:15)
  A lich (IceCv)
  2 tentacled monstrosities
  A thorn hunter (Swamp:4)
  Roxanne (Spider:2)
  Kirke (D:12)
  3 emperor scorpions
  A stone giant (D:15)
  The ghost of Ludaler the Severer, a journeyman DDGl of Trog (Lair:5)
  A very ugly thing (IceCv)
  Nessos (D:15)
  2 eleionomae
  3 entropy weavers
  A minotaur (Gauntlet)
  A red draconian (Volcano)
  7 bunyips
  2 shambling mangroves
  Fannar (D:12)
  A boulder beetle (D:11)
  4 two-headed ogres (D:13)
  23 hydras
  A ghost crab (Swamp:4)
  5 centaur warriors
  2 jorogumos
  A radroach (Spider:1)
  4 catoblepae
  An ogre mage (D:14)
  2 caustic shrike simulacra (IceCv)
  2 tengu warriors (D:15)
  9 alligators
  Urug (D:13)
  2 thrashing horrors (Lair:6)
  A pharaoh ant (Spider:3)
  A sun moth (Spider:3)
  6 goliath frogs
  Lodul (D:13)
  4 spriggan druids
  2 orb spiders (Spider:1)
  6 swamp dragons
  2 spriggan simulacra (IceCv)
  9 bog bodies
  A necromancer (IceCv)
  2 obsidian statues
  A deep elf archer (D:14)
  4 orc knights
  12 ugly things
  4 deep elf zephyrmancers (D:14)
  An oklob plant (Lair:4)
  6 wolf spiders
  2 deep elf pyromancers
  4 will-o-the-wisps
  3 orc sorcerers
  A cyclops (D:12)
  5 manticores
  2 moths of wrath
  3 elephants (Lair:5)
  2 black mambas
  A torpor snail (Lair:6)
  A smoke demon (Lair:6)
  An ice statue (D:12)
  11 cane toads
  An unseen horror (D:11)
  3 yaktaurs (Volcano)
  A kobold demonologist (D:12)
  An unseen horror (shapeshifter) (Lair:6)
  3 rime drakes
  11 komodo dragons
  7 demonic crawlers
  2 anaconda simulacra (IceCv)
  An ice devil (Gauntlet)
  An efreet (D:14)
  11 freezing wraiths (IceCv)
  2 entropy weaver simulacra (IceCv)
  11 trolls
  2 ancient zymes (Lair:6)
  5 tyrant leeches
  3 polar bears
  15 hornets
  Grinder (Sewer)
  22 tarantellas
  Prince Ribbit (D:6)
  6 slime creatures (D:12)
  4 dream sheep (Lair:6)
  19 blink frogs
  2 raiju (Gauntlet)
  9 jumping spiders
  14 spriggans
  2 ynoxinuls (Lair:6)
  3 shadows
  4 culicivoras
  6 dire elephant simulacra (IceCv)
  A wraith (D:9)
  7 fire bats (Volcano)
  3 water elementals (D:15)
  3 wyverns
  A steam dragon (D:7)
  27 yaks
  8 basilisks
  2 chaos spawn (Lair:6)
  A vampire (D:10)
  7 vampire mosquitoes
  A minotaur simulacrum (IceCv)
  28 redbacks
  2 harpy simulacra (IceCv)
  Edmund (D:4)
  3 wargs
  13 swamp worms
  2 large abominations (Lair:6)
  2 hydra simulacra (IceCv)
  2 acid dragons
  29 orc warriors
  21 water moccasins
  15 swamp drakes
  An ice beast (D:8)
  A sky beast (D:7)
  A black bear (shapeshifter) (D:13)
  5 alligator simulacra (IceCv)
  3 black bears
  An ettin simulacrum (IceCv)
  5 wolves (Lair:2)
  11 ogres
  24 centaurs
  2 phantoms
  5 kobold brigands
  A necrophage (D:7)
  7 bullfrogs
  A deep troll simulacrum (IceCv)
  A gnoll sergeant (D:9)
  6 scorpions
  11 wights
  Dowan (D:6)
  4 troll zombies
  4 lindwurm simulacra (IceCv)
  4 killer bees
  3 troll skeletons (Swamp:4)
  A howler monkey (D:11)
  3 electric eels
  6 lava snakes (Volcano)
  3 jellies
  13 small abominations
  A gnoll shaman (D:6)
  8 orc priests
  6 iguanas
  16 orc wizards
  6 ogre zombies (D:11)
  8 gnolls
  5 adders
  2 river rats (D:4)
  5 shadow imps
  4 white imps
  3 ufetubi
  A worm (D:3)
  3 dart slugs
  64 orcs
  9 endoplasms
  9 giant cockroaches
  9 goblins
  6 hobgoblins
  3 jackals (D:2)
  15 kobolds
  7 quokkas
  7 ball pythons
  3 bats
  3 frilled lizards
  A giant cockroach zombie (Sewer)
  A goblin skeleton (D:11)
  A goblin zombie (D:11)
  2 hobgoblin skeletons (D:11)
  4 hobgoblin zombies (D:11)
  A kobold zombie (Sewer)
  3 orc skeletons (D:11)
  14 orc zombies (D:11)
  4 rats
903 creatures vanquished.

Vanquished Creatures (collateral kills)
  Rupert (Lair:3)
  A ghost moth (Spider:1)
  A torpor snail (Spider:1)
  A tyrant leech (Swamp:1)
  A culicivora (Spider:1)
  3 jumping spiders
  2 redbacks (Spider:1)
  Duvessa (D:6)
  A gnoll sergeant (D:6)
  6 gnolls (D:6)
  An orc (D:6)
  An endoplasm (Sewer)
  A kobold (Sewer)
21 creatures vanquished.

Vanquished Creatures (others)
  An eleionoma (Swamp:4)
  A jorogumo (Spider:2)
  A wolf spider (Spider:2)
  2 bloated husks
  5 humans (D:12)
  A redback (Spider:1)
  3 vampire mosquitoes (Swamp:1)
  A boggart (D:14)
  A gnoll (D:6)
  2 orcs
  5 kobolds
  3 briar patches (Swamp:4)
  41 foxfires
  29 fungi
  50 plants
146 creatures vanquished.

Grand Total: 1070 creatures vanquished

Notes
Turn   | Place    | Note
-------+----------+-------------------------------------------
     0 | D:1      | hemabe71 the Human Artificer began the quest for the Orb.
     0 | D:1      | Reached XP level 1. HP: 15/15 MP: 1/1
   191 | D:1      | Reached XP level 2. HP: 11/21 MP: 2/2
  1317 | D:2      | Reached XP level 3. HP: 9/26 MP: 3/3
  2141 | D:2      | HP: 5/26 [frozen (3)]
  2428 | D:2      | Found a faded altar of an unknown god.
  3078 | D:3      | Reached XP level 4. HP: 33/33 MP: 4/4
  3123 | D:3      | Noticed an orc warrior
  3127 | D:3      | Reached skill level 2 in Dodging
  3127 | D:3      | Reached skill level 2 in Stealth
  3128 | D:3      | HP: 5/33 [orc warrior/+0 flail (13)]
  3128 | D:3      | HP: 2/33 [orc/+0 hand axe (3)]
  3132 | D:3      | Killed an orc warrior
  3133 | D:3      | Reached skill level 2 in Fighting
  3133 | D:3      | Reached skill level 3 in Armour
  3133 | D:3      | Reached XP level 5. HP: 1/39 MP: 5/5
  3492 | D:3      | Reached XP level 6. HP: 41/46 MP: 6/6
  4030 | D:4      | Identified 2 scrolls of acquirement
  4030 | D:4      | Acquired the +2 pair of boots "Goexuxt" {rElec rC- Int+3
                  | Dex+5}
  4032 | D:4      | Acquired 1171 gold pieces
  4198 | D:4      | Reached skill level 4 in Evocations
  4243 | D:4      | Noticed a black bear
  4248 | D:4      | Killed a black bear
  4249 | D:4      | Reached skill level 1 in Polearms
  4249 | D:4      | Reached skill level 3 in Stealth
  4331 | D:4      | Reached XP level 7. HP: 42/51 MP: 7/7
  4493 | D:4      | Reached skill level 3 in Dodging
  4494 | D:4      | Found a glowing drain.
  4498 | Sewer    | Entered a sewer
  4578 | Sewer    | Reached skill level 3 in Fighting
  4755 | Sewer    | Found an ancient bone altar of Kikubaaqudgha.
  4779 | Sewer    | Reached skill level 2 in Polearms
  4819 | Sewer    | Noticed Grinder
  4868 | Sewer    | Paralysed by Grinder for 2 turns
  4878 | Sewer    | Killed Grinder
  4879 | Sewer    | Reached skill level 4 in Armour
  4879 | Sewer    | Reached skill level 4 in Stealth
  4879 | Sewer    | Reached XP level 8. HP: 37/59 MP: 8/8
  5005 | Sewer    | Identified the +0 helmet of the Cockatrice {Str+2}
  5266 | D:4      | Found a staircase to the Ecumenical Temple.
  5294 | Temple   | Entered the Ecumenical Temple
  5361 | Temple   | Became a worshipper of Trog the Wrathful
  5739 | D:4      | Found a snail-covered altar of Cheibriados.
  5913 | D:4      | Noticed Edmund
  5927 | D:4      | Killed Edmund
  6138 | D:4      | Reached skill level 4 in Dodging
  6233 | D:5      | Entered Level 5 of the Dungeon
  6233 | D:5      | Found a sparkling altar of Nemelex Xobeh.
  6239 | D:5      | Reached skill level 5 in Evocations
  6265 | D:5      | Reached skill level 4 in Fighting
  6265 | D:5      | Reached skill level 3 in Polearms
  6350 | D:5      | Found a blossoming altar of Fedhas.
  6449 | D:5      | Reached * piety under Trog
  6496 | D:5      | Reached XP level 9. HP: 63/65 MP: 9/9
  6754 | D:5      | Reached skill level 5 in Stealth
  6966 | D:6      | Noticed a komodo dragon
  7141 | D:6      | Noticed Prince Ribbit
  7144 | D:6      | Reached skill level 5 in Armour
  7154 | D:6      | Killed Prince Ribbit
  7155 | D:6      | Reached skill level 4 in Polearms
  7155 | D:6      | HP: 15/67 [gnoll sergeant/+0 spear (8)]
  7159 | D:6      | Gained mutation: You tend to lose your temper in combat.
                  | [potion of mutation]
  7167 | D:6      | Reached skill level 5 in Dodging
  7669 | D:6      | Noticed Dowan
  7676 | D:6      | Noticed Duvessa
  7804 | D:6      | Reached skill level 5 in Fighting
  7813 | D:6      | Killed Duvessa
  8203 | D:6      | Killed a komodo dragon
  8204 | D:6      | Reached skill level 6 in Evocations
  8426 | D:6      | Killed Dowan
  8599 | D:7      | Noticed a troll
  8615 | D:7      | Killed a troll
  8616 | D:7      | Reached skill level 6 in Stealth
  8616 | D:7      | Reached XP level 10. HP: 74/74 MP: 10/10
  9167 | D:7      | Identified the +8 mace of Ynirphuent {venom, Will- Str-2
                  | Int+8 Stlth+}
  9268 | D:7      | Found a broken altar of Ashenzari.
  9275 | D:7      | Found a hazy altar of Hepliaklqana.
  9664 | D:7      | Reached skill level 1 in Maces & Flails
 10006 | D:8      | Reached skill level 6 in Armour
 10010 | D:8      | Reached ** piety under Trog
 10435 | D:8      | Reached skill level 6 in Fighting
 10435 | D:8      | Reached skill level 6 in Dodging
 10561 | D:8      | Reached skill level 2 in Maces & Flails
 10954 | D:9      | Reached skill level 7 in Evocations
 11244 | D:9      | Found a staircase to the Lair.
 11308 | D:9      | Identified the ring of Hicenali {rC+ EV+4 Str-4 SInv}
 11322 | D:8      | Reached skill level 7 in Stealth
 11947 | D:9      | Found an opulent altar of Gozag.
 12115 | D:9      | Reached skill level 3 in Maces & Flails
 12173 | D:9      | Reached XP level 11. HP: 83/83 MP: 11/11
 12402 | D:10     | Entered Level 10 of the Dungeon
 12435 | D:10     | Reached *** piety under Trog
 12551 | D:10     | You fall into a shaft and drop 1 floor!
 12788 | D:10     | Found Qucliuh's Weapon Shoppe.
 12795 | D:10     | Bought the +11 flail of the Shrinking Stork {vamp, rF++
                  | rN++ Int+2 Stlth-} for 1534 gold pieces
 12837 | D:10     | Reached skill level 7 in Armour
 13001 | D:10     | Reached skill level 7 in Fighting
 13001 | D:10     | Reached skill level 7 in Dodging
 13003 | D:10     | Reached skill level 4 in Maces & Flails
 13064 | D:10     | Found Ostips Ruvu's Book Shoppe.
 13224 | D:10     | Found a shimmering blue altar of Sif Muna.
 13226 | D:10     | Found a shimmering altar of Xom.
 13560 | D:10     | Found a basalt altar of Yredelemnul.
 13753 | D:11     | Found Tuimp's Firing Range.
 13954 | D:11     | Found a staircase to the Orcish Mines.
 14000 | D:11     | HP: 22/126 [something (28)]
 14003 | D:11     | Reached skill level 8 in Stealth
 14022 | D:11     | HP: 20/84 [orc priest/nerve-wracking pain (3)]
 14406 | D:11     | Reached **** piety under Trog
 15069 | D:12     | Noticed a boulder beetle
 15077 | D:12     | HP: 10/84 [ice beast[an ice statue] (16)]
 15091 | D:11     | Killed a boulder beetle
 15092 | D:11     | Reached skill level 8 in Evocations
 15165 | D:12     | Noticed a cyclops
 15165 | D:12     | Noticed a manticore
 15173 | D:12     | Killed a cyclops
 15179 | D:12     | Killed a manticore
 15180 | D:12     | Reached XP level 12. HP: 41/91 MP: 12/12
 15256 | D:12     | Noticed Kirke
 15287 | D:12     | Found a gate leading to a gauntlet.
 15297 | Gauntlet | Entered a Gauntlet
 15297 | Gauntlet | Found a transporter.
 15297 | Gauntlet | Found a transporter.
 15297 | Gauntlet | Found a runed translucent door.
 15297 | Gauntlet | Found a runed translucent door.
 15298 | Gauntlet | Noticed a death scarab
 15486 | Gauntlet | Found a runed translucent door.
 15489 | Gauntlet | Found a transporter.
 15491 | Gauntlet | Found a transporter.
 15499 | Gauntlet | Found a transporter.
 15503 | Gauntlet | Found a transporter.
 15513 | Gauntlet | Found a transporter.
 15530 | Gauntlet | Found a transporter.
 15544 | Gauntlet | Found a transporter.
 15548 | Gauntlet | Found a transporter.
 15550 | Gauntlet | Found a runed translucent gate.
 15550 | Gauntlet | Found a runed translucent gate.
 15550 | Gauntlet | Found a runed translucent gate.
 15558 | Gauntlet | Found a transporter.
 15562 | Gauntlet | Found a transporter.
 15629 | Gauntlet | Reached skill level 5 in Maces & Flails
 15936 | Gauntlet | Identified the ring "Moumie" {+Blink rC+ Will+}
 15946 | Gauntlet | HP: 22/138 [ice devil (21)]
 16672 | Gauntlet | Noticed a minotaur
 16688 | Gauntlet | Killed a minotaur
 16689 | Gauntlet | Reached skill level 8 in Armour
 16740 | Gauntlet | Identified the +6 dagger of the Big Bang {protect, Dex+7}
 16816 | D:12     | Killed Kirke
 16817 | D:12     | Reached skill level 8 in Fighting
 16817 | D:12     | Reached skill level 8 in Dodging
 17240 | D:12     | Reached skill level 9 in Stealth
 17291 | D:12     | Lost mutation: You tend to lose your temper in combat.
                  | [potion of mutation]
 17291 | D:12     | Gained mutation: Your body sometimes deteriorates upon
                  | taking damage. [potion of mutation]
 17292 | D:12     | Lost mutation: Your body sometimes deteriorates upon taking
                  | damage. [potion of mutation]
 17292 | D:12     | Gained mutation: Armour fits poorly on your strangely
                  | shaped body. [potion of mutation]
 17292 | D:12     | Gained mutation: Your spells are a little easier to cast,
                  | but a little less powerful. [potion of mutation]
 17292 | D:12     | Gained mutation: Your natural rate of healing is unusually
                  | fast. [potion of mutation]
 17293 | D:12     | Lost mutation: Armour fits poorly on your strangely shaped
                  | body. [potion of mutation]
 17293 | D:12     | Lost mutation: Your natural rate of healing is unusually
                  | fast. [potion of mutation]
 17293 | D:12     | Lost mutation: Your spells are a little easier to cast, but
                  | a little less powerful. [potion of mutation]
 17293 | D:12     | Gained mutation: You have sharp toenails. [potion of
                  | mutation]
 17293 | D:12     | Gained mutation: Your muscles are strong. (Str +2) [potion
                  | of mutation]
 17293 | D:12     | Gained mutation: You have supernaturally acute eyesight.
                  | (SInv) [potion of mutation]
 17293 | D:12     | Gained mutation: Your mind is acute. (Int +2) [potion of
                  | mutation]
 17452 | D:12     | Noticed Fannar
 17471 | D:12     | Killed Fannar
 17957 | D:12     | Reached skill level 6 in Maces & Flails
 18145 | D:13     | Noticed a catoblepas
 18145 | D:13     | Noticed a catoblepas
 18281 | D:12     | Killed a catoblepas
 19547 | D:13     | Killed a catoblepas
 19567 | D:13     | Reached skill level 9 in Evocations
 20314 | D:13     | Noticed a five-headed hydra
 20326 | D:13     | Killed a five-headed hydra
 20327 | D:13     | Reached XP level 13. HP: 99/99 MP: 13/13
 20431 | D:13     | Noticed Urug
 20431 | D:13     | Noticed a centaur warrior
 20462 | D:13     | Killed Urug
 20483 | D:13     | Killed a centaur warrior
 20923 | D:13     | Found a sacrificial altar of Ru.
 20925 | D:13     | Noticed a catoblepas
 20965 | D:13     | Killed a catoblepas
 20966 | D:13     | Reached skill level 9 in Fighting
 20966 | D:13     | Reached skill level 9 in Armour
 21250 | D:13     | Noticed Lodul
 21261 | D:13     | Reached skill level 9 in Dodging
 21279 | D:13     | Reached skill level 10 in Stealth
 21281 | D:13     | Reached skill level 7 in Maces & Flails
 21283 | D:13     | Killed Lodul
 21655 | D:13     | Noticed a four-headed hydra
 21663 | D:13     | Killed a four-headed hydra
 21909 | Lair:1   | Entered Level 1 of the Lair of Beasts
 21938 | Lair:1   | Identified the +2 robe of Noughts and Crosses {MP-9 Dex+5
                  | Slay+6 Stlth+}
 22017 | Lair:1   | Found the +4 robe of Folly {Brilliance Will-∞ Int+8}
 22922 | Lair:2   | Noticed a seven-headed hydra
 22938 | Lair:2   | Killed a seven-headed hydra
 24088 | Lair:3   | Reached skill level 10 in Evocations
 24262 | Lair:3   | Reached XP level 14. HP: 109/109 MP: 14/14
 24299 | Lair:3   | Noticed Rupert
 24320 | Lair:3   | HP: 8/103 [Rupert/+2 great mace of draining (27)]
 24348 | Lair:3   | Paralysed by Rupert for 6 turns
 24357 | Lair:3   | Killed Rupert
 24812 | Lair:3   | Found a hole to the Spider Nest.
 25206 | Lair:3   | Reached skill level 8 in Maces & Flails
 25226 | Lair:3   | Reached skill level 10 in Fighting
 25652 | Lair:4   | Reached skill level 10 in Armour
 25652 | Lair:4   | Reached skill level 10 in Dodging
 25712 | Lair:4   | Found a shadowy altar of Dithmenos.
 25996 | Lair:4   | Reached skill level 11 in Stealth
 26384 | Lair:4   | You fall into a shaft and drop 2 floors!
 26384 | Lair:6   | Entered Level 6 of the Lair of Beasts
 28195 | Lair:5   | Reached ***** piety under Trog
 28321 | Lair:5   | Found a viscous altar of Jiyva.
 28322 | Lair:5   | Found a staircase to the Slime Pits.
 28636 | Lair:5   | Found a large runed translucent door.
 28640 | Lair:5   | Found a large runed translucent door.
 28645 | Lair:5   | Noticed Ludaler's ghost (journeyman DDGl)
 28755 | Lair:5   | Killed Ludaler's ghost
 29083 | Lair:5   | Identified the +3 chain mail of the Garden {rPois rN+
                  | Regen+ Int+4}
 29571 | Lair:4   | Found a staircase to the Swamp.
 30335 | Lair:6   | Reached XP level 15. HP: 110/117 MP: 15/15
 30467 | Lair:6   | Reached skill level 11 in Evocations
 31145 | Lair:6   | Reached skill level 9 in Maces & Flails
 31946 | Lair:6   | Found a corrupted altar of Lugonu.
 31946 | Lair:6   | Found a one-way gate to the infinite horrors of the Abyss.
 31961 | Lair:6   | Identified the +12 hand axe "Zuoh" {vorpal, rN+ Int+2
                  | Stlth-}
 32257 | Lair:4   | Identified the +4 great sword "Buiruw" {drain, rC+ Int+3}
 32258 | Lair:4   | Identified the +8 scale mail of the Hidden Leylines {rElec}
 32477 | D:5      | Found a glowing silver altar of Zin.
 32666 | Orc:1    | Entered Level 1 of the Orcish Mines
 32677 | Orc:1    | Reached skill level 11 in Fighting
 32941 | Orc:2    | Entered Level 2 of the Orcish Mines
 32966 | Orc:2    | Found a dark tunnel.
 32972 | Volcano  | Entered a volcano
 33030 | Volcano  | Reached skill level 11 in Dodging
 33032 | Volcano  | Reached skill level 11 in Armour
 33150 | Volcano  | Reached skill level 12 in Stealth
 33154 | Volcano  | Found a bloodstained altar of Trog.
 33237 | Volcano  | Found a bloodstained altar of Trog.
 33423 | Orc:2    | Found a staircase to the Elven Halls.
 33614 | Orc:2    | Received a gift from Trog
 33961 | Orc:2    | Paralysed by an orc sorcerer for 2 turns
 34029 | Orc:2    | Found Fefudooq's Book Shop.
 34029 | Orc:2    | Found Sijil's Armour Shoppe.
 34029 | Orc:2    | Found Wof Bobe's Weapon Emporium.
 34033 | Orc:2    | Found Hucesi's General Store.
 34045 | Orc:2    | Bought a scroll of enchant armour for 112 gold pieces
 34045 | Orc:2    | Bought a potion of curing for 45 gold pieces
 35626 | D:14     | Found a gate to the Vaults.
 35898 | D:14     | Received a gift from Trog
 35906 | D:14     | Reached skill level 10 in Maces & Flails
 35906 | D:14     | Reached XP level 16. HP: 126/126 MP: 16/16
 36140 | D:15     | Entered Level 15 of the Dungeon
 36177 | D:15     | Found a shimmering blue altar of Sif Muna.
 36245 | D:15     | Noticed Nessos
 36259 | D:15     | Killed Nessos
 36267 | D:15     | HP: 31/126 [poisoned by Nessos]
 36272 | D:15     | HP: 28/126 [poisoned by Nessos]
 36916 | D:15     | Gained mutation: You are occasionally teleported next to
                  | monsters. [a neqoxec]
 36919 | D:15     | Gained mutation: You are clumsy. (Dex -2) [a neqoxec]
 37308 | D:15     | Noticed Jorgrun
 37318 | D:15     | Killed Jorgrun
 38141 | D:15     | Found a staircase to the Depths.
 38155 | D:15     | Reached skill level 12 in Evocations
 38661 | Swamp:1  | Entered Level 1 of the Swamp
 38812 | Swamp:1  | HP: 24/127 [bunyip (13)]
 38842 | Swamp:1  | HP: 31/127 [spriggan rider/+0 spear (15)]
 39477 | Swamp:2  | Noticed a tentacled monstrosity
 39495 | Swamp:2  | Killed a tentacled monstrosity
 39500 | Swamp:2  | Reached skill level 12 in Fighting
 39572 | Swamp:2  | Reached skill level 13 in Stealth
 39596 | Swamp:2  | Reached skill level 12 in Armour
 39596 | Swamp:2  | Reached skill level 12 in Dodging
 39808 | Swamp:1  | HP: 43/190 [constriction (13)]
 41239 | Swamp:3  | Received a gift from Trog
 41240 | Swamp:3  | Reached XP level 17. HP: 134/134 MP: 17/17
 41245 | Swamp:3  | Noticed a tentacled monstrosity
 41256 | Swamp:3  | Reached skill level 11 in Maces & Flails
 41264 | Swamp:3  | Killed a tentacled monstrosity
 41963 | Swamp:4  | Entered Level 4 of the Swamp
 42462 | Swamp:4  | Noticed a thorn hunter
 42702 | Swamp:4  | Killed a thorn hunter
 43410 | Swamp:4  | Reached skill level 13 in Evocations
 43958 | Swamp:4  | Got a decaying rune of Zot
 44454 | Spider:1 | Entered Level 1 of the Spider Nest
 44742 | Spider:1 | Reached skill level 14 in Stealth
 44928 | Spider:1 | Found a hide-covered altar of Uskayaw.
 45066 | Spider:1 | Received a gift from Trog
 45067 | Spider:1 | Reached skill level 13 in Fighting
 45324 | Spider:1 | Reached skill level 13 in Armour
 45345 | Spider:1 | HP: 28/136 [emperor scorpion (14)]
 45351 | Spider:1 | HP: 29/136 [poisoned by an emperor scorpion]
 45351 | Spider:1 | HP: 13/136 [emperor scorpion (11)]
 45355 | Spider:1 | Found the +9 sword of Zonguldrok {reap}
 45356 | Spider:1 | HP: 16/136 [poisoned by an emperor scorpion]
 45361 | Spider:1 | HP: 33/136 [ghost moth (3)]
 45361 | Spider:1 | HP: 15/136 [culicivora (10)]
 45361 | Spider:1 | HP: 6/136 [ghost moth (9)]
 45362 | Spider:1 | Reached skill level 13 in Dodging
 45508 | Spider:1 | Paralysed by a jorogumo for 1 turns
 45873 | Spider:1 | Reached XP level 18. HP: 142/143 MP: 18/18
 47006 | Spider:2 | Noticed Roxanne
 47033 | Spider:2 | Killed Roxanne
 47063 | Spider:2 | HP: 34/143 [jumping spider (6)]
 47068 | Spider:2 | HP: 34/143 [jumping spider (7)]
 47842 | Spider:2 | Reached skill level 12 in Maces & Flails
 47950 | Spider:2 | Noticed Nikola
 47960 | Spider:2 | Killed Nikola
 48712 | Spider:3 | Found a frozen archway.
 48774 | IceCv    | Entered an ice cave
 48839 | IceCv    | HP: 47/216 [caustic shrike simulacrum (14)]
 48977 | IceCv    | Lost mutation: You have sharp toenails. [potion of
                  | mutation]
 48977 | IceCv    | Lost mutation: Your mind is acute. (Int +2) [potion of
                  | mutation]
 48977 | IceCv    | Lost mutation: You are occasionally teleported next to
                  | monsters. [potion of mutation]
 48977 | IceCv    | Gained mutation: Your mind is acute. (Int +2) [potion of
                  | mutation]
 48977 | IceCv    | Gained mutation: Your flesh is cold resistant. (rC+)
                  | [potion of mutation]
 49271 | IceCv    | HP: 52/216 [caustic shrike simulacrum (5)]
 49550 | IceCv    | Noticed a lich
 49815 | IceCv    | Killed a lich
 50069 | IceCv    | Found an ancient bone altar of Kikubaaqudgha.
 50379 | IceCv    | Found an ancient bone altar of Kikubaaqudgha.
 50950 | Spider:3 | HP: 51/216 [culicivora (7)]
 50953 | Spider:3 | HP: 24/216 [poisoned by a redback]
 50954 | Spider:3 | HP: 4/144 [jumping spider (10)]
 50955 | Spider:3 | Succumbed to a redback's poison

Illustrated notes

Levels and vault maps discovered:
D:1:      doesnt_arrival_eight_statues, layout_basic
D:2:      layout_basic, hellmonk_ecumenical_altar_inner_sanctum
D:3:      layout_rooms, kennysheep_pointless_box
D:4:      layout_loops_corners, kennysheep_mini_moat, temple_statues,
          gup_sewer_entry_spiral, uniq_edmund
D:5:      layout_rooms, mainiacjoe_overflow_concentric_impassable,
          fedhas_altar_1, nicolae_overflow_hidden_temple
D:6:      layout_gridville, minmay_misc_feat_chi, uniq_prince_ribbit1,
          uniq_grinder, uniq_duvessa
D:7:      layout_loops_corners, grunt_temple_overflow_open,
          kennysheep_generic_room_10
D:8:      layout_gridville
D:9:      layout_gridville, marbit_many_paths, lair_entry_dummy
D:10:     layout_stronghold, mainiacjoe_overflow_alcove_1, jmf_multi_god_temple,
          serial_shops, kennysheep_mini, shop
D:11:     layout_long_grid, zombieorc2_lemuel, serial_co_window_serial,
          co_window_corner_a, co_window_of_opportunity_a, co_window_corner_a,
          co_window_paths_b, co_window_cross_1, co_window_broadway_b,
          co_window_broadway_b, co_window_corner_b, glass_columns_a,
          glass_columns_c, glass_columns_b, glass_columns_c,
          nicolae_shop_firing_range
D:12:     layout_irregular_city, gauntlet_entry_generic, minivault_16,
          uniq_fannar, uniq_kirke
D:13:     nzn_motion_control, layout_gridville, serial_rivers,
          chequers_serial_rivers_room_a, chequers_serial_rivers_marsh,
          chequers_serial_rivers_small_a, chequers_serial_rivers_room_a,
          chequers_serial_rivers_room_a, chequers_serial_rivers_micro_d,
          nicolae_ru_sacrificial_ziggurat, uniq_urug, uniq_lodul
D:14:     layout_loops_ring, hangedman_vaults_entry_quadrant_bands,
          minmay_statues_item
D:15:     grunt_enter_depths_snipers, layout_basic, lemuel_crystal_altar,
          uniq_nessos, uniq_jorgrun
Temple:   pdpol_scorched_temple
Lair:1:   layout_cave_pods, dreamdust_deal_with_the_devil, serial_bayou_pond_c,
          serial_bayou_lagoon_a
Lair:2:   layout_regular_city
Lair:3:   layout_chaotic_city, spider_nest_entry_webs, uniq_rupert
Lair:4:   statuecave_lemuel, layout_gridlike, palyth_hydra_swamp_entry,
          lemuel_oklob_altar
Lair:5:   layout_cave_pods, slime_altar_1, ebering_ghost_disaster_area
Lair:6:   hellmonk_lair_end_abyssal_woods, layout_long_grid, grunt_megastairs_2,
          serial_bayou_shore_b
Swamp:1:  layout_basic_swamp, hangedman_swamp_ruin_wall,
          infiniplex_staircase_pool
Swamp:2:  layout_basic_swamp, evilmike_swamp_ruin_house_2
Swamp:3:  layout_basic_swamp, hangedman_swamp_diagram
Swamp:4:  swamp, layout_basic_swamp, swamp_pool5, cheibrodos_swamp_minitomb
Spider:1: layout_cave_pods, nicolae_spider_altar_of_dancing
Spider:2: layout_chambers, uniq_roxanne, uniq_nikola
Spider:3: layout_spider_delve, portal_ice_cave_entry_pillars_1, drop_trap,
          nicolae_spider_twisty_arc_passages
Orc:1:    layout_diamond_mine, statue_in_the_mist_lemuel
Orc:2:    st_orc_rangers, layout_caves, nicolae_volcano_entry_hallway,
          hellmonk_bongcloud_opening, guppyfry_library_mini

Skill      XL: |  1  2  3  4  5  6  7  8  9 10 11 12 13 14 15 16 17 18 |
---------------+-------------------------------------------------------+-----
Dodging        | 2 3 4 5 6 7 8 9 10 11 12 13 | 13.5
Stealth        | 2 3 4 6 7 8 9 10 11 12 13 14 | 14.7
Fighting       | 2 3 4 5 6 7 8 9 10 11 12 13 | 13.6
Armour         | 3 4 5 6 7 8 9 10 11 12 13 | 13.5
Evocations     | 4 5 6 7 8 9 10 11 12 13 | 13.7
Polearms       | 1 2 3 4 |  4.8
Maces & Flails | 3 4 6 7 8 10 11 12 | 12.3

Action                   |  1- 3 |  4- 6 |  7- 9 | 10-12 | 13-15 | 16-18 || total
-------------------------+-------+-------+-------+-------+-------+-------++-------
Melee: Club              |   136 |     7 |       |       |       |       ||   143
       Punch             |     2 |       |     3 |       |       |       ||     5
       Trident           |       |    53 |   313 |    21 |       |       ||   387
       Mace              |       |       |       |   177 |       |       ||   177
       Flail             |       |       |       |   410 |  1407 |  1755 ||  3572
Throw: Dart              |       |       |       |     5 |       |       ||     5
Invok: Berserk           |       |       |     3 |    13 |    17 |    33 ||    66
       Trog's Hand       |       |       |       |       |       |     8 ||     8
Evoke: Wand              |    10 |    11 |    16 |    14 |    11 |    14 ||    76
       Condenser vane    |       |       |       |     1 |     1 |     2 ||     4
       Box of beasts     |       |       |       |       |     1 |     3 ||     4
       Phantom mirror    |       |       |       |       |     1 |     2 ||     3
  Use: Scroll            |       |     8 |       |     8 |    14 |    18 ||    48
       Potion            |       |       |     4 |     8 |     4 |     7 ||    23
 Stab: Sleeping          |     3 |     1 |     3 |    13 |    16 |     4 ||    40
       Distracted        |       |       |     1 |     2 |     3 |     2 ||     8
       Paralysed         |       |       |     1 |       |       |       ||     1
       Betrayed ally     |       |       |     1 |       |       |       ||     1
       Confused          |       |       |       |       |       |     4 ||     4
Armor: Leather armour    |    51 |       |    27 |   169 |   146 |       ||   393
       Plate armour      |       |    44 |    89 |       |       |       ||   133
       Chain mail        |       |       |       |       |   141 |  1375 ||  1516
       Scale mail        |       |       |       |       |   219 |    55 ||   274
Dodge: Dodged            |   116 |    36 |   192 |   539 |  1491 |  1911 ||  4285
Block: Other             |     8 |    24 |    52 |       |       |       ||    84
       Reflection        |       |     3 |     4 |    10 |    77 |    11 ||   105
       Kite shield       |       |       |    44 |       |       |       ||    44
       Buckler           |       |       |     4 |   422 |   967 |   937 ||  2330

Table legend: (Time is in decaauts)
 A = Elapsed time spent in this place.
 B = Non-inter-level travel time spent in this place.
 C = Inter-level travel time spent in this place.
 D = Time resting spent in this place.
 E = Time spent auto-exploring this place.
 F = Levels seen in this place.
 G = Mean time per level.
                   A        B        C        D        E       F      G
               +--------+--------+--------+--------+--------+-----+--------+
         Total |  51779 |  49952 |   1827 |  18162 |  20977 |  35 | 1479.4 |
       Dungeon |  23980 |  22962 |   1018 |   7565 |  11293 |  15 | 1598.7 |
        Temple |     77 |     68 |      9 |      0 |     33 |   1 |   77.0 |
          Lair |  10985 |  10538 |    447 |   3913 |   4669 |   6 | 1830.8 |
         Swamp |   5795 |   5674 |    121 |   2769 |   1548 |   4 | 1448.8 |
   Spider Nest |   4336 |   4232 |    104 |   1463 |   1458 |   3 | 1445.3 |
  Orcish Mines |   2124 |   1998 |    126 |    445 |    890 |   2 | 1062.0 |
         Sewer |    657 |    657 |      0 |     26 |    355 |   1 |  657.0 |
      Ice Cave |   1969 |   1969 |      0 |    835 |    511 |   1 | 1969.0 |
       Volcano |    316 |    316 |      0 |     25 |     73 |   1 |  316.0 |
      Gauntlet |   1536 |   1536 |      0 |   1117 |    145 |   1 | 1536.0 |
               +--------+--------+--------+--------+--------+-----+--------+

Top non-repeatable levels by time:
  Lair:6: 3669 daAuts
    D:12: 3027 daAuts
    D:13: 2367 daAuts
    D:15: 2336 daAuts
Spider:1: 2034 daAuts
Spider:2: 1979 daAuts
   IceCv: 1969 daAuts
 Swamp:3: 1901 daAuts
  Lair:3: 1847 daAuts
    D:11: 1825 daAuts
  Lair:5: 1797 daAuts
     D:2: 1791 daAuts
 Swamp:4: 1719 daAuts
   Orc:2: 1694 daAuts
Gauntlet: 1536 daAuts

Table legend:
 A = Kills in this place as a percentage of kills in entire the game.
 B = Kills by you in this place as a percentage of kills by you in the entire game.
 C = Kills by friends in this place as a percentage of kills by friends in the entire game.
 D = Other kills in this place as a percentage of other kills in the entire game.
 E = Experience gained in this place as a percentage of experience gained in the entire game.
 F = Experience gained in this place divided by the number of levels of this place that you have seen.
                   A       B       C       D       E      F
               +-------+-------+-------+-------+-------+----------------------
         Total | 100.0 | 100.0 | 100.0 | 100.0 | 100.0 | 7018.3
       Dungeon |  37.5 |  37.5 |  42.9 |   0.0 |  22.4 | 3662.6
          Lair |  16.9 |  17.3 |   4.8 |   0.0 |  19.3 | 7885.0
         Swamp |  14.3 |  14.4 |   4.8 |  50.0 |  27.8 | 17067.5
   Spider Nest |  10.1 |   9.4 |  38.1 |  25.0 |  14.8 | 12145.0
  Orcish Mines |   9.2 |   9.4 |   0.0 |   0.0 |   4.5 | 5484.0
         Sewer |   3.0 |   2.8 |   9.5 |  25.0 |   0.3 | 641.0
      Ice Cave |   5.5 |   5.6 |   0.0 |   0.0 |   8.0 | 19671.0
       Volcano |   2.2 |   2.2 |   0.0 |   0.0 |   2.0 | 4814.0
      Gauntlet |   1.3 |   1.3 |   0.0 |   0.0 |   1.1 | 2591.0
               +-------+-------+-------+-------+-------+----------------------
